 Dungeon Crawl Stone Soup version 0.23.2-40-g277498a001 (webtiles) character file.

Game seed: 18343182851146342756

6183 Folks the Destroyer (level 10, -1/69 HPs)
             Began as a Demigod Conjurer on Aug 16, 2019.
             Slain by an eight-headed hydra (2 damage)
             ... on level 1 of the Lair of Beasts.
             The game lasted 00:43:23 (11748 turns).

Folks the Destroyer (Demigod Conjurer)             Turns: 11748, Time: 00:43:24

Health: -1/69      AC:  5    Str: 13    XL:     10   Next: 34%
Magic:  1/22       EV: 12    Int: 23    God:
Gold:   395        SH:  7    Dex: 16    Spells: 2/20 levels left

rFire    . . .     SeeInvis .   B - +3 mace (drain)
rCold    + . .     Gourm    .   t - +0 buckler
rNeg     . . .     Faith    .   n - +0 ring mail
rPois    .         Spirit   .   (no helmet)
rElec    .         Reflect  +   (no cloak)
rCorr    .         Harm     .   (no gloves)
MR       +....                  (no boots)
Stlth    +.........             N - +2 amulet of reflection
HPRegen  0.21/turn              g - ring of protection from cold
MPRegen  0.18/turn              (no ring)

@: very slightly contaminated
A: high mp 1
a: no special abilities


You were on level 1 of the Lair of Beasts.
You were hungry.

You visited 2 branches of the dungeon, and saw 10 of its levels.

You collected 395 gold pieces.

Inventory:

Hand Weapons
 j - a +0 short sword
 q - a +0 dagger of venom
 u - a +0 rapier
 B - a +3 mace of draining (weapon)
 E - a +4 scimitar
 H - a +1 mace of holy wrath
Armour
 a - a +0 robe
 n - a +0 ring mail (worn)
 t - a +0 buckler (worn)
Magical Staves
 v - an uncursed staff of air
Jewellery
 f - a +2 ring of strength {unknown}
 g - a ring of protection from cold (left hand)
 l - a +3 ring of strength {unknown}
 m - an uncursed amulet of the acrobat
 D - an uncursed ring of see invisible {unknown}
 I - a cursed ring of protection from magic {unknown}
 N - a +2 amulet of reflection (around neck)
Wands
 r - a wand of flame (43)
 y - a wand of enslavement (6)
 C - a wand of disintegration (13)
 J - a wand of digging (6)
 L - a wand of acid (9)
 M - a wand of random effects (20)
Scrolls
 b - 5 scrolls of remove curse
 h - 2 scrolls of identify
 i - 2 scrolls of amnesia
 p - a scroll of random uselessness {unknown}
 w - a scroll of noise {unknown}
 A - a scroll of teleportation
 F - a scroll of magic mapping
Potions
 d - a potion of resistance {unknown}
 e - a potion of haste
 k - 2 potions of flight
 o - 2 potions of brilliance
 s - a potion of degeneration {unknown}
 x - a potion of agility {unknown}
 z - a potion of lignification
 K - 2 potions of curing
Comestibles
 c - 22 rations


   Skills:
 - Level 4.2 Armour
 - Level 3.6 Dodging
 - Level 1.7 Stealth
 + Level 3.1 Shields
 - Level 5.7 Spellcasting
 + Level 9.4 Conjurations
 - Level 6.2 Hexes
 - Level 2.0 Translocations
 - Level 2.0 Fire Magic
 - Level 3.2 Poison Magic
 * Level 0.9 Evocations


You had 2 spell levels left.
You knew the following spells:

 Your Spells              Type           Power        Failure   Level  Hunger
a - Iskenderun's Mystic   Conj           ######..     4%          4    ###....
b - Searing Ray           Conj           ######       1%          2    None
c - Mephitic Cloud        Conj/Pois/Air  ####....     11%         3    #......
d - Fulminant Prism       Conj/Hex       #####.....   8%          4    ###....
e - Conjure Flame         Conj/Fire      ####....     5%          3    #......
f - Blink                 Tloc           N/A          13%         2    None

Your spell library contained the following spells:

 Spells                   Type           Power        Failure   Level  Hunger
 Confusing Touch          Hex            #####.       1%          1    None
 Magic Dart               Conj           ####         1%          1    None
 Slow                     Hex            #####...     2%          2    None
 Apportation              Tloc           ###...       9%          1    None
 Animate Skeleton         Necr           N/A          21%         1    None
 Summon Small Mammal      Summ           #...         21%         1    None
 Call Imp                 Summ           #.......     30%         2    None
 Dazzling Spray           Conj/Hex       #####.       2%          3    #......
 Confuse                  Hex            #####...     4%          3    #......
 Summon Guardian Golem    Hex/Summ       ###.....     17%         3    #......
 Force Lance              Conj/Tloc      ####....     19%         4    ###....
 Gell's Gravitas          Tloc           ###.......   26%         3    #......
 Call Canine Familiar     Summ           #.......     52%         3    #......
 Metabolic Englaciation   Hex/Ice        ###.......   83%         5    #####..
 Yara's Violent Unravell  Hex/Tmut       ###.......   83%         5    #####..
 Petrify                  Tmut/Erth      #.......     89%         4    ###....
 Summon Ice Beast         Ice/Summ       #.......     89%         4    ###....
 Summon Lightning Spire   Summ/Air       #.......     89%         4    ###....


Dungeon Overview and Level Annotations

Branches:
Dungeon (9/15)             Temple (0/1) D:7            Lair (1/6) D:9
    Orc (0/2) D:9


Innate Abilities, Weirdness & Mutations

You have an increased reservoir of magic. (+10% MP)


Message History

The eight-headed hydra is engulfed in blazing flames.
You block the eight-headed hydra's attack.
The eight-headed hydra bites you! The eight-headed hydra misses you.
You block the eight-headed hydra's attack.
The eight-headed hydra bites you!
The eight-headed hydra barely misses you.
The eight-headed hydra bites you.
The eight-headed hydra closely misses you.
You barely miss the eight-headed hydra.
The eight-headed hydra is severely wounded.
The eight-headed hydra is engulfed in blazing flames.
The eight-headed hydra bites you! x2
* * * LOW HITPOINT WARNING * * *
The eight-headed hydra bites you!
* * * LOW HITPOINT WARNING * * *
The eight-headed hydra bites you!
* * * LOW HITPOINT WARNING * * *
You block the eight-headed hydra's attack.
The eight-headed hydra bites you.
You die...

##........ ........
....... #..... #.... [*.
#ยง# ##D### #.@..## ##
####..# ## #. #.## #
#[##.#### ##'###.##.
........#### #........(
........'..# #.........
........##.######.........
........##......'.....(...
.....<..######.##.........


You could see an eight-headed hydra and a friendly fulminant prism.

Vanquished Creatures
  Harold (D:8)
  A troll (D:9)
  A hippogriff (D:8)
  2 hungry ghosts (D:8)
  Menkaure (D:4)
  An acid dragon (D:9)
  Duvessa (D:5)
  A water moccasin (D:6)
  3 orc warriors
  2 sky beasts
  2 phantoms
  8 ogres
  A necrophage (D:8)
  2 wolves (D:9)
  9 centaurs
  3 bullfrogs
  Dowan (D:5)
  A wyvern skeleton (D:9)
  2 scorpions
  5 killer bees (D:8)
  3 wights (D:7)
  2 electric eels (D:9)
  A howler monkey (D:6)
  7 crimson imps
  A centaur zombie (D:6)
  3 bullfrog zombies
  3 hounds
  An orc priest (D:3)
  2 jellies
  A bullfrog skeleton (D:6)
  3 iguanas
  5 orc wizards
  5 worker ants
  2 hound skeletons
  Robin (D:4)
  11 adders
  2 shadow imps (D:7)
  2 oozes
  2 adder skeletons
  8 worms
  2 dart slugs (D:1)
  A leopard gecko (D:2)
  28 orcs
  6 bats
  A bat zombie (D:6)
  5 giant cockroaches
  18 goblins
  4 hobgoblins
  5 quokkas
  2 frilled lizards
  9 kobolds
  A quokka skeleton (D:5)
  8 rats
203 creatures vanquished.

Vanquished Creatures (others)
  2 wolves (D:9)
  26 fulminant prisms
28 creatures vanquished.

Grand Total: 231 creatures vanquished

Notes
Turn   | Place    | Note
-------+----------+-------------------------------------------
     0 | D:1      | Folks the Demigod Conjurer began the quest for the Orb.
     0 | D:1      | Reached XP level 1. HP: 14/14 MP: 5/5
   230 | D:1      | Reached XP level 2. HP: 10/20 MP: 5/7
   442 | D:1      | Learned a level 2 spell: Searing Ray
   901 | D:2      | Reached skill level 4 in Conjurations
   901 | D:2      | Reached XP level 3. HP: 25/26 MP: 6/9
   943 | D:2      | Learned a level 3 spell: Dazzling Spray
  1787 | D:2      | Reached XP level 4. HP: 32/33 MP: 11/11
  2713 | D:3      | Found a shadowy altar of Dithmenos.
  2745 | D:3      | Reached XP level 5. HP: 32/38 MP: 13/13
  2798 | D:3      | Learned a level 4 spell: Fulminant Prism
  2803 | D:3      | Learned a level 3 spell: Mephitic Cloud
  2973 | D:3      | Found an iron altar of Okawaru.
  3206 | D:4      | Noticed Menkaure
  3215 | D:4      | Killed Menkaure
  3215 | D:4      | Reached skill level 1 in Poison Magic
  3452 | D:4      | Reached XP level 6. HP: 40/45 MP: 7/15
  3460 | D:4      | Learned a level 3 spell: Conjure Flame
  3825 | D:4      | Noticed Robin
  3854 | D:4      | Killed Robin
  4126 | D:4      | Reached skill level 5 in Conjurations
  4281 | D:4      | Found a snail-covered altar of Cheibriados.
  4341 | D:5      | Entered Level 5 of the Dungeon
  4342 | D:5      | Found a shimmering altar of Xom.
  4346 | D:5      | Reached skill level 1 in Hexes
  4467 | D:5      | Reached XP level 7. HP: 50/50 MP: 8/17
  4535 | D:5      | Found a sacrificial altar of Ru.
  4782 | D:5      | Noticed Dowan
  4785 | D:5      | Noticed Duvessa
  4796 | D:5      | Killed Duvessa
  4798 | D:5      | Killed Dowan
  5006 | D:5      | Found a glowing golden altar of the Shining One.
  5300 | D:6      | Reached skill level 6 in Conjurations
  5303 | D:6      | Reached XP level 8. HP: 17/57 MP: 2/18
  5575 | D:6      | Reached skill level 5 in Hexes
  6075 | D:6      | Learned a level 2 spell: Blink
  6113 | D:6      | Reached skill level 1 in Armour
  6292 | D:6      | Reached skill level 1 in Fire Magic
  6508 | D:6      | Reached skill level 7 in Conjurations
  6646 | D:6      | Found an ancient bone altar of Kikubaaqudgha.
  6968 | D:7      | Reached XP level 9. HP: 62/62 MP: 15/19
  7058 | D:7      | Found a glowing silver altar of Zin.
  8087 | D:7      | Found a staircase to the Ecumenical Temple.
  8260 | D:8      | Reached skill level 1 in Translocations
  8429 | D:8      | Reached skill level 8 in Conjurations
  8871 | D:8      | Noticed a moth of wrath
  8877 | D:8      | Found a bloodstained altar of Trog.
  8990 | D:8      | Reached skill level 5 in Spellcasting
  9423 | D:8      | Learned a level 4 spell: Iskenderun's Mystic Blast
  9648 | D:8      | Noticed Harold
  9666 | D:8      | Killed Harold
  9845 | D:9      | Found a staircase to the Orcish Mines.
  9862 | D:9      | Reached XP level 10. HP: 61/69 MP: 2/21
 10203 | D:9      | Found a blossoming altar of Fedhas.
 10243 | D:9      | Reached skill level 9 in Conjurations
 10260 | D:9      | Noticed a cyan ugly thing
 10604 | D:9      | Found a staircase to the Lair.
 10658 | D:9      | HP: 1/69 [cyan ugly thing (16)]
 11261 | D:9      | Found a shattered altar of Ashenzari.
 11307 | D:9      | Found a hazy altar of Hepliaklqana.
 11714 | Lair:1   | Entered Level 1 of the Lair of Beasts
 11739 | Lair:1   | Noticed an eight-headed hydra
 11748 | Lair:1   | HP: 1/69 [eight-headed hydra (9)]
 11748 | Lair:1   | Slain by an eight-headed hydra

Skill      XL: |  1  2  3  4  5  6  7  8  9 10 |
---------------+-------------------------------+-----
Spellcasting   | 2 3 4 5 |  5.7
Conjurations   | 4 5 6 7 8 9 |  9.4
Poison Magic   | 1 2 3 |  3.2
Hexes          | 2 4 6 |  6.2
Armour         | 3 4 |  4.2
Fire Magic     | 2 |  2.0
Translocations | 2 |  2.0
Dodging        | 2 3 |  3.6
Shields        | 2 3 |  3.1
Stealth        | |  1.7
Evocations     | |  0.9

Action                   |  1- 3 |  4- 6 |  7- 9 | 10-12 || total
-------------------------+-------+-------+-------+-------++-------
Melee: Dagger            |    16 |    50 |    68 |       ||   134
       Short sword       |    59 |     2 |       |       ||    61
       Scimitar          |       |       |    21 |    27 ||    48
       Mace              |       |       |    20 |     1 ||    21
Throw: Throwing net      |       |       |       |     1 ||     1
 Cast: Magic Dart        |    28 |    18 |    17 |       ||    63
       Searing Ray       |    14 |    24 |    43 |    14 ||    95
       Dazzling Spray    |     1 |       |       |       ||     1
       Mephitic Cloud    |       |     3 |    21 |     6 ||    30
       Conjure Flame     |       |     1 |     8 |     5 ||    14
       Fulminant Prism   |       |     1 |    23 |     3 ||    27
       Iskenderun's Myst |       |       |     7 |    22 ||    29
       Blink             |       |       |     3 |     1 ||     4
Evoke: Wand              |       |       |     1 |       ||     1
  Use: Scroll            |     4 |     2 |     2 |    11 ||    19
       Potion            |       |     1 |       |     2 ||     3
 Stab: Sleeping          |       |     1 |     1 |       ||     2
       Confused          |       |     1 |     6 |     1 ||     8
  Eat: Chunk             |     4 |     9 |    16 |     9 ||    38
       Ration            |       |       |     3 |       ||     3
Armor: Robe              |    17 |    10 |    12 |       ||    39
       Ring mail         |       |       |    20 |     4 ||    24
Dodge: Dodged            |    68 |    60 |   103 |    25 ||   256
Block: Buckler           |       |       |       |     6 ||     6
       Rpst.: Scimitar   |       |       |     8 |    10 ||    18
